 Dungeon Crawl Stone Soup version 0.24.1-14-gf8d2b509d9 (webtiles) character file.

Game seed: 13438166102839353790, levelgen mode: deterministic

502 Gildeon the Charmwright (level 7, 0/52 HPs)
             Began as a Human Skald on May 27, 2020.
             Slain by an ice beast (14 damage)
             ... on level 5 of the Dungeon.
             The game lasted 00:12:56 (3855 turns).

Gildeon the Charmwright (Human Skald)               Turns: 3855, Time: 00:12:56

Health: 0/52       AC:  5    Str: 13    XL:     7   Next: 40%
Magic:  11/11      EV: 13    Int: 13    God:
Gold:   194        SH:  0    Dex: 13    Spells: 1/12 levels left

rFire    + . .     SeeInvis .   q - +2 war axe (freeze)
rCold    . . .     Gourm    .   (no shield)
rNeg     . . .     Faith    .   b - +0 leather armour
rPois    .         Spirit   .   (helmet restricted)
rElec    +         Reflect  .   (no cloak)
rCorr    .         Harm     .   t - +1 pair of gloves
MR       .....                  (no boots)
Stlth    +.........             m - amulet of magic regeneration
HPRegen  0.17/turn              e - ring of protection from fire
MPRegen  0.37/turn              (no ring)

@: lethally poisoned (0 -> -2), infused
A: antennae 1, mutation resistance 1, electricity resistance
a: no special abilities


You were on level 5 of the Dungeon.
You were not hungry.

You visited 1 branch of the dungeon, and saw 5 of its levels.

You collected 194 gold pieces.

Inventory:

Hand Weapons
 a - a +0 mace
 q - a +2 war axe of freezing (weapon)
Missiles
 v - 4 poisoned darts
 y - 2 atropa-tipped darts (quivered)
Armour
 b - a +0 leather armour (worn)
 t - a +1 pair of gloves (worn)
Jewellery
 e - a ring of protection from fire (left hand)
 m - an amulet of magic regeneration (around neck)
Scrolls
 i - a scroll of remove curse
 j - 2 scrolls of amnesia
 l - a scroll of enchant armour
 o - 3 scrolls of teleportation
Potions
 f - a potion of haste {unknown}
 g - 2 potions of ambrosia
 k - a potion of curing
 n - 2 potions of cancellation
 s - a potion of degeneration {unknown}
 u - a potion of invisibility {unknown}
 w - a potion of heal wounds {unknown}
Comestibles
 d - 5 rations


   Skills:
 + Level 3.4 Fighting
 + Level 2.0(2.6) Axes
 - Level 2.4(2.8) Maces & Flails
 + Level 2.9 Armour
 + Level 3.4 Dodging
 + Level 3.2 Spellcasting
 + Level 4.5 Charms


You had one spell level left.
You knew the following spells:

 Your Spells              Type           Power        Failure   Level  Hunger
a - Infusion              Chrm           ##..         4%          1    #......
b - Song of Slaying       Chrm           ##......     7%          2    ##.....
c - Shroud of Golubria    Chrm/Tloc      #.....       17%         2    ##.....
d - Regeneration          Chrm/Necr      #.........   34%         3    ###....
e - Spectral Weapon       Hex/Chrm       #.......     34%         3    ###....

Your spell library contained the following spells:

 Spells                   Type           Power        Failure   Level  Hunger


Dungeon Overview and Level Annotations

Branches:
Dungeon (5/15)
 Temple: D:4-7

Altars:
Gozag

Shops:
D:4 *


Innate Abilities, Weirdness & Mutations

You have a pair of small antennae on your head.
You are somewhat resistant to further mutation.
You are resistant to electric shocks. (rElec)


Message History

You begin infusing your attacks with magical energy.
You feel sick.
The ice beast hits you but does no damage.
You hit the ice beast.
The ice beast is moderately wounded.
You feel sick. The ice beast barely misses you.
The ice beast closely misses you.
You hit the ice beast.
The ice beast is heavily wounded.
You feel sick. The ice beast hits you. The ice beast freezes you!
You completely miss the ice beast.
The ice beast is moderately wounded.
The ice beast closely misses you.
The ice beast hits you but does no damage.
You hit the ice beast but do no damage.
The ice beast is moderately wounded.
You feel sick. The ice beast hits you.
* * * LOW HITPOINT WARNING * * *
The ice beast freezes you!
You die...

#.... #.l.. )... ...
.. #..# #. #..#
######.############..#
..)$..aY@.........#..#
.....#.##########.#..#
... ... ......#.#..# .
..... ......#.#..#
......# ##.........###
...... #.......#....#.
.....# #..####.#.##.#.
+#### #......##.##.#.
#..(....#.##.#.


You could see an ice beast and a worker ant.

Vanquished Creatures
  A phantom (D:4)
  A scorpion (D:4)
  2 crimson imps
  A jelly (D:5)
  A centaur skeleton (D:4)
  A bullfrog skeleton (D:4)
  3 worker ants (D:4)
  2 adders (D:2)
  A shadow imp (D:5)
  An adder skeleton (D:5)
  5 worms
  3 dart slugs
  3 leopard geckos
  8 orcs
  2 ball pythons
  8 bats
  4 giant cockroaches
  6 goblins
  8 hobgoblins
  10 kobolds
  2 quokkas (D:3)
  3 frilled lizards
  A leopard gecko skeleton (D:4)
  5 rats
82 creatures vanquished.

Notes
Turn   | Place    | Note
-------+----------+-------------------------------------------
     0 | D:1      | Gildeon the Human Skald began the quest for the Orb.
     0 | D:1      | Reached XP level 1. HP: 16/16 MP: 3/3
    17 | D:1      | Noticed a yaktaur
    17 | D:1      | Noticed a hell rat
    17 | D:1      | Noticed a soldier ant
    17 | D:1      | Noticed a tyrant leech
    17 | D:1      | Noticed a komodo dragon
   192 | D:1      | Reached XP level 2. HP: 17/22 MP: 5/5
   199 | D:1      | Learned a level 2 spell: Song of Slaying
   202 | D:1      | Learned a level 2 spell: Shroud of Golubria
   756 | D:1      | Reached XP level 3. HP: 25/27 MP: 6/6
  1174 | D:2      | Reached XP level 4. HP: 31/33 MP: 1/7
  1332 | D:2      | Found a faded altar of an unknown god.
  1405 | D:2      | Gained mutation: You have a pair of small antennae on your
                  | head. [potion of mutation]
  1405 | D:2      | Gained mutation: You are resistant to electric shocks.
                  | (rElec) [potion of mutation]
  1405 | D:2      | Gained mutation: You are somewhat resistant to further
                  | mutation. [potion of mutation]
  1919 | D:3      | Reached XP level 5. HP: 34/39 MP: 8/8
  1924 | D:3      | Learned a level 3 spell: Regeneration
  2310 | D:3      | Found an opulent altar of Gozag.
  2588 | D:4      | Found Ityupnuiru's General Store.
  2593 | D:4      | Reached skill level 4 in Charms
  3021 | D:4      | Reached skill level 1 in Axes
  3021 | D:4      | Reached XP level 6. HP: 41/46 MP: 10/10
  3324 | D:4      | Noticed a phantom
  3342 | D:4      | Killed a phantom
  3459 | D:4      | Learned a level 3 spell: Spectral Weapon
  3467 | D:4      | Reached XP level 7. HP: 52/52 MP: 7/11
  3750 | D:5      | Entered Level 5 of the Dungeon
  3855 | D:5      | Slain by an ice beast

Levels and vault maps discovered:
D:1:      onia_arrival_zoo_common, layout_basic, minivault_23
D:2:      layout_rooms, chequers_ecumenical_altar_simple
D:3:      layout_loops_ring, first_ration, lemuel_tele_altar
D:4:      layout_loops_corners, serial_shops,
          nicolae_shop_competitors_out_of_business
D:5:      minmay_spotlight, layout_basic, gammafunk_temple_overflow_wave,
          cheibrodos_worm_habitat, uniq_blork_the_orc

Skill      XL: |  1  2  3  4  5  6  7 |
---------------+----------------------+-----
Armour         | 2 |  2.9
Charms         | 4 |  4.5
Axes           | 1 2 |  2.0
Fighting       | 3 |  3.4
Dodging        | 3 |  3.4
Spellcasting   | 3 |  3.2
Maces & Flails | |  2.4

Action                   |  1- 3 |  4- 6 |  7- 9 || total
-------------------------+-------+-------+-------++-------
Melee: Mace              |    71 |    33 |       ||   104
       War axe           |       |   116 |    39 ||   155
Throw: Dart              |       |     5 |       ||     5
 Cast: Infusion          |     6 |     4 |     1 ||    11
  Use: Potion            |       |     3 |       ||     3
       Scroll            |       |     4 |     7 ||    11
  Eat: Chunk             |     1 |     8 |     1 ||    10
Armor: Leather armour    |    21 |    42 |    13 ||    76
Dodge: Dodged            |    46 |   113 |    25 ||   184
